 Dungeon Crawl Stone Soup version 0.27.1-33-g824d729ab1 (webtiles) character file.

Game seed: 1622423860769176471

5 Descartes the Sneak (level 1, -1/9 HPs)
             Began as a Spriggan Wanderer on Dec 4, 2021.
             Killed from afar by a dart slug (3 damage)
             ... with a slug dart
             ... on level 1 of the Dungeon.
             The game lasted 00:02:17 (607 turns).

Descartes the Sneak (Spriggan Wanderer)              Turns: 607, Time: 00:02:18

Health: -1/9       AC:  2    Str:  8    XL:     1   Next: 66%
Magic:  3/3        EV: 16    Int: 11    God:
Gold:   8          SH:  0    Dex: 16    Spells: 1/2 levels left

rFire    . . .     SeeInvis +   a - +0 dagger
rCold    . . .     Faith    .   (shield restricted)
rNeg     . . .     Spirit   .   c - +0 robe
rPois    .         Reflect  .   (helmet restricted)
rElec    .         Harm     .   (no cloak)
rCorr    .         Rampage  .   (gloves unavailable)
Will     .....                  (boots unavailable)
Stlth    ++........             (no amulet)
HPRegen  0.03/turn              (no ring)
MPRegen  0.08/turn              (no ring)

@: very quick
A: very small, no large weapons, unfitting armour, see invisible, speed 3
a: no special abilities


You were on level 1 of the Dungeon.
You visited 1 branch of the dungeon, and saw 1 of its levels.

You collected 8 gold pieces.

Inventory:

Hand Weapons
 a - a +0 dagger (weapon)
Armour
 c - a +0 robe (worn)
Scrolls
 b - a scroll of teleportation
 e - a scroll of immolation {unknown}
 f - a scroll of identify {unknown}
Potions
 d - a potion of lignification


   Skills:
 - Level 1.0 Throwing
 + Level 1.6 Dodging
 + Level 3.1 Stealth
 + Level 1.0 Unarmed Combat
 + Level 1.3 Spellcasting
 + Level 0.0 Conjurations
 + Level 3.1 Translocations
 + Level 0.1 Fire Magic
 + Level 2.0 Poison Magic


You had one spell level left.
You knew the following spells:

 Your Spells              Type           Power      Damage    Failure   Level
a - Magic Dart            Conj           0%         1d3       30%         1

Your spell library contained the following spells:

 Spells                   Type           Power      Damage    Failure   Level
 Blink                    Tloc           N/A        N/A       13%         2
 Call Imp                 Summ           0%         N/A       43%         2
 Slow                     Hex            0%         N/A       43%         2
 Mephitic Cloud           Conj/Pois/Air  2%         N/A       56%         3
 Conjure Flame            Conj/Fire      0%         6-21      65%         3


Dungeon Overview and Level Annotations

Branches:
Dungeon (1/15)

Altars:


Innate Abilities, Weirdness & Mutations

You are very small and have problems with some larger weapons.
You are too small for most types of armour.
You have supernaturally acute eyesight. (SInv)
You cover ground extremely quickly. (Speed+++)


Message History

A dart slug is nearby!
Casting: Magic Dart (safe; 30% risk of failure)
Confirm with . or Enter, or press ? or * to list all spells.
Aiming: Magic Dart (safe; 30% risk of failure)
Press: ? - help, Shift-Dir - straight line, f - dart slug
Aim: a dart slug (100% to hit)
You miscast Magic Dart.
Nothing appears to happen.
A dart slug is nearby!
Casting: Magic Dart (safe; 30% risk of failure)
Confirm with . or Enter, or press ? or * to list all spells.
You don't have enough magic to cast this spell.
Unknown command.
You hit the dart slug.
The dart slug is lightly wounded.
You hit the dart slug.
The dart slug is moderately wounded.
The dart slug launches a dart at you. The slug dart hits you.
Ouch! That really hurt!
* * * LOW HITPOINT WARNING * * *
You are too injured to fight recklessly!
Your magical contamination has completely faded away.
Magic restored.
A hobgoblin comes into view.
The hobgoblin shouts!
A dart slug comes into view.
You are too injured to fight recklessly!
You hit the dart slug but do no damage. The dart slug launches a dart at you.
The slug dart misses you.
You hit the dart slug.
The dart slug is lightly wounded.
You hit the dart slug.
The dart slug is moderately wounded.
The dart slug misses you.
You hit the dart slug.
The dart slug is moderately wounded.
The dart slug launches a dart at you. The slug dart hits you.
You die...

#............#
##.#.......###
######..##.....##
#......###.....#
#.###### #.#####
###.# #.# ###...#
#.### ....###
#...## .####
###@w# .# ##..#
## #.# .# . # ..
##### .. ....#
... ###....#


You could see a dart slug.

Vanquished Creatures
  2 bats (D:1)
  2 ball pythons (D:1)
  A frilled lizard (D:1)
5 creatures vanquished.

Notes
Turn   | Place    | Note
-------+----------+-------------------------------------------
     0 | D:1      | Descartes the Spriggan Wanderer began the quest for the
                  | Orb.
     0 | D:1      | Descartes set off with the following items: a +0 dagger, a
                  | scroll of teleportation, a +0 robe, a potion of
                  | lignification; and the following spell memorised: Magic
                  | Dart; and the following spells available to memorise:
                  | Blink, Call Imp, Slow, Mephitic Cloud, Conjure Flame
     0 | D:1      | Reached XP level 1. HP: 9/9 MP: 3/3
   607 | D:1      | Killed from afar by a dart slug

Illustrated notes

Levels and vault maps discovered:
D:1:      minmay_arrival_semitransparent, layout_rooms, minmay_misc_feat_five

Action                   || total
-------------------------++-------
Melee: Dagger            ||    18
 Cast: Magic Dart        ||     9
 Stab: Sleeping          ||     1
Armor: Robe              ||     1
Dodge: Dodged            ||    15
